 Dungeon Crawl Stone Soup version 0.31-a0-986-g5e6e4ef867 (webtiles) character file.

Game seed: 8245237521600928947

94808 Forgeling the Severer (level 15, -10/141 HPs)
             Began as a Minotaur Cinder Acolyte on Nov 14, 2023.
             Was an Elder of Okawaru.
             Killed from afar by a golden dragon (75 damage)
             ... with a bolt of fire
             ... in an ice cave.
             The game lasted 01:08:29 (24851 turns).

Forgeling the Severer (Minotaur Cinder Acolyte)    Turns: 24851, Time: 01:08:30

Health: -10/141    AC: 28    Str: 24    XL:     15   Next: 64%
Magic:  14/20      EV: 16    Int: 11    God:    Okawaru [****..]
Gold:   1108       SH: 12    Dex:  8    Spells: 16/16 levels left

rFire   x . .        a - +3 war axe of Wariness {protect, rElec rC++}
rCold   + + +        o - +0 kite shield
rNeg    . . .        r - +6 scale mail of Noan {Will+}
rPois   .            (helmet restricted)
rElec   +            Q - +0 cloak
rCorr   .            p - +1 pair of gloves
SInv    .            (no boots)
Will    ++...        d - amulet of the acrobat
Stlth   +            k - +5 ring of evasion
HPRegen 0.43/turn    L - ring of ice
MPRegen 0.17/turn

%: acrobat
@: mighty, heroic, finesse-ful, under a protective aura, studying Throwing
A: horns 2, retaliatory headbutt
a: Renounce Religion, Heroism, Finesse


You were in an ice cave.
You worshipped Okawaru.
Okawaru was greatly pleased with you.
You visited 3 branches of the dungeon, and saw 22 of its levels.
You visited 1 bazaar.
You also visited: Sewer, Bailey, Ice Cave and Volcano.

You collected 2301 gold pieces.
You spent 1193 gold pieces at shops.

Inventory:

Hand Weapons
 a - the +3 war axe of Wariness (weapon) {protect, rElec rC++}
   (You found it on level 1 of the Lair of Beasts)

   rC++:      It greatly protects you from cold.
   rElec:     It insulates you from electricity.
 l - a -1 hand axe of flaming
 O - the +8 trident of Doom {vamp, rC+ Dex+5}
   (You took it off a gnoll sergeant on level 9 of the Dungeon)

   Dex+5:     It affects your dexterity (+5).
   rC+:       It protects you from cold.
Missiles
 f - 23 boomerangs
 g - a curare-tipped dart
 t - 7 poisoned darts (quivered)
 u - 5 throwing nets
 w - 7 javelins
Armour
 o - a +0 kite shield (worn)
 p - a +1 pair of gloves (worn)
 r - the +6 scale mail of Noan (worn) {Will+}
   (You bought it in a shop on level 10 of the Dungeon)

   Will+:     It increases your willpower.
 Q - a +0 cloak (worn)
Jewellery
 b - a ring of fire
 c - a ring of poison resistance
 d - an amulet of the acrobat (around neck)
 k - a +5 ring of evasion (left hand)
 m - a ring of willpower
 n - a +5 ring of evasion
 A - the ring "Vibresat" {Drain +Blink rC+ MP+9 Slay-6}
   (You found it in an ice cave)

   [ring of protection from cold]

   Slay-6:    It affects your accuracy & damage with ranged weapons and melee
   (-6).
   rC+:       It protects you from cold.
   MP+9:      It affects your magic capacity (+9).
   +Blink:    It lets you blink.
   Drain:     It drains your maximum health when unequipped.
 L - a ring of ice (right hand)
Wands
 e - a wand of paralysis (9)
 h - a wand of quicksilver (4)
 i - a wand of roots (8)
 j - a wand of polymorph (3)
 q - a wand of flame (15)
 y - a wand of mindburst (22)
Scrolls
 s - 2 scrolls of silence {unknown}
 x - a scroll of enchant armour
 z - a scroll of amnesia {unknown}
 D - 3 scrolls of blinking
 E - 3 scrolls of fear
 F - a scroll of fog
 K - 2 scrolls of immolation
 P - 4 scrolls of poison
 S - 2 scrolls of enchant weapon
 V - 4 scrolls of vulnerability
 X - 6 scrolls of revelation {@r4}
 Y - 11 scrolls of teleportation {@r3}
Potions
 B - 5 potions of brilliance
 C - 2 potions of cancellation
 G - 6 potions of ambrosia
 H - 3 potions of haste
 I - a potion of invisibility
 J - 14 potions of curing {@q1}
 M - a potion of might
 N - 3 potions of heal wounds {@q2}
 R - 4 potions of resistance
 T - 3 potions of berserk rage
 U - 3 potions of mutation
Miscellaneous
 v - a lightning rod (4/4)


   Skills:
 + Level 15.2(20.2) Fighting
 - Level 18.0(23.0) Axes
 - Level 12.0(17.0) Throwing
 - Level 14.0(19.0) Armour
 - Level 11.0(16.0) Shields
 - Level 1.0 Spellcasting
 - Level 2.1 Fire Magic
 * Level 8.8 Invocations
 - Level 8.0 Evocations


You had 16 spell levels left.
You didn't know any spells.
Your spell library contained the following spells:

 Spells                   Type           Power      Damage    Failure   Level
 Scorch                   Fire           10%        2d5       43%         2
 Necrotise                Necr           0%         1d4       61%         1
 Slow                     Hex            0%         N/A       61%         1
 Ensorcelled Hibernation  Hex/Ice        0%         N/A       75%         2
 Passwall                 Tmut/Erth      0%         N/A       75%         2
 Confusing Touch          Hex            0%         N/A       93%         3
 Sigil of Binding         Hex            0%         N/A       93%         3
 Swiftness                Air            0%         N/A       93%         3
 Vampiric Draining        Necr           0%         2d6       93%         3
 Anguish                  Hex/Necr       0%         N/A       100%        4
 Cause Fear               Hex            0%         N/A       100%        4
 Agony                    Necr           0%         N/A       100%        5
 Enfeeble                 Hex            0%         N/A       100%        7


Dungeon Overview and Level Annotations

Branches:
Dungeon (15/15)            Temple (0/1) D:4            Lair (5/5) D:8
  Swamp (0/4) Lair:3        Snake (0/4) Lair:3        Slime (0/5) Lair:5
    Orc (2/2) D:12            Elf (0/3) Orc:2        Vaults (0/5) D:14
  Sewer (visited)          Bailey (visited)           IceCv (1/1)
Volcano (visited)
 Depths: D:15

Altars:
Dithmenos
Fedhas
Kikubaaqudgha
Makhleb
Nemelex Xobeh
Okawaru
Qazlal
Sif Muna
Trog
Uskayaw
Wu Jian
Zin

Shops:
D:1 =   D:10 [?   Orc:2 (*[=

Annotations:
D:8 Gastronok
Lair:5 exclusion: 3 doors
Orc:1 1 transporter


Innate Abilities, Weirdness & Mutations

You have a pair of horns on your head.
You reflexively headbutt those who attack you in melee.


Message History

Unknown command.
Unknown command.
Unknown command.
Unknown command.
Okay, then.
Unknown command.
Aiming: Fastroot
Press: ? - help, Shift-Dir - straight line, f - golden dragon
Aim: a golden dragon (moderately wounded, catching its breath)
The roots erupt in riotous growth!
Roots grab the golden dragon.
Roots grab the ice dragon.
The grasping roots constrict the golden dragon!
The grasping roots constrict the ice dragon.
The golden dragon escapes!
The ice dragon breathes frost at you. The blast of cold hits you! You resist.
* * * LOW HITPOINT WARNING * * *
An ice dragon comes into view.
You feel very mighty all of a sudden.
The grasping roots constrict the ice dragon.
The ice dragon bites you.
* * * LOW HITPOINT WARNING * * *
The golden dragon claws you.
* * * LOW HITPOINT WARNING * * *
You barely miss the golden dragon.
The golden dragon is moderately wounded.
You slice the ice dragon!!
The grasping roots constrict the ice dragon.
You hit the golden dragon.
The golden dragon is heavily wounded.
You hit the ice dragon but do no damage.
The grasping roots constrict the ice dragon.
You slice the golden dragon!!
The golden dragon is severely wounded.
You slash the ice dragon!
The grasping roots constrict the ice dragon.
The golden dragon breathes fire at you. The bolt of fire hits you!!!!
The fire burns you terribly!
Ouch! That really hurt!
You die...

......##
#≈≈≈≈≈≈#
###....##
##≈≈≈≈≈#
####..## ###
###≈#.#
##..###.##
#..# ##.#....#
$ # #...##.#
$$ #####..###
. #...##.##
.Z.
##.....@#...ZD
####..DDDZ#
########


You could see a golden dragon (catching breath), 2 ice dragons and a storm
dragon simulacrum.

Vanquished Creatures
  Jorgrun (D:15)
  Rupert (D:14)
  2 orc warlords
  A red draconian (Volcano)
  3 ice dragons (IceCv)
  2 vault guards (Bailey)
  A hydra (D:14)
  A rakshasa (D:14)
  A catoblepas (D:13)
  6 centaur warriors
  5 boulder beetles
  7 two-headed ogres
  6 death yaks
  Urug (Orc:2)
  3 orc high priests (Orc:2)
  A salamander mystic (Volcano)
  2 spriggan druids (Lair:3)
  An orange crystal statue (IceCv)
  Pikel (D:8)
  2 deep elf pyromancers
  7 orc knights
  The ghost of Dittersdorf the Covered, a novice HuFi (D:4)
  7 ugly things
  4 orc sorcerers
  3 cyclopes
  5 salamanders (Volcano)
  3 manticores
  6 centaur zombies (D:12)
  15 elephants
  2 ice statues (D:15)
  Joseph (D:9)
  A molten gargoyle (Volcano)
  7 black mambas
  3 storm dragon simulacra (IceCv)
  2 gargoyles
  12 cane toads
  Jeremiah (D:6)
  3 kobold demonologists
  An unseen horror (D:12)
  9 komodo dragons
  A tengu conjurer (D:13)
  2 rime drakes
  6 golden dragon simulacra (IceCv)
  A queen bee (Lair:2)
  5 trolls
  A polar bear (shapeshifter) (D:13)
  A hornet (Lair:3)
  Prince Ribbit (Bailey)
  A polar bear (Lair:4)
  18 blink frogs
  A wolf spider simulacrum (D:14)
  A raiju (D:13)
  A meliai zombie (D:12)
  Sigmund (D:6)
  4 slime creatures (D:14)
  The ghost of osoart the Conjurer, an amateur OpCj of Hepliaklqana (D:4)
  37 yaks
  3 shadows
  A wraith (D:13)
  4 wyverns
  A dire elephant simulacrum (Lair:5)
  2 basilisks
  3 vampires
  11 fire elementals
  6 fire bats (Volcano)
  Grum (D:8)
  20 humans
  5 steam dragons
  10 vampire mosquitoes
  2 acid dragons (D:10)
  3 wargs (Orc:2)
  3 nagas (Lair:3)
  17 water moccasins
  Duvessa (D:5)
  A swamp drake (D:12)
  29 orc warriors
  An ice beast (D:6)
  3 black bears
  Pargi (Sewer)
  5 ice dragon simulacra (IceCv)
  7 ogres
  7 wolves
  3 lemures (D:7)
  A phantom (D:5)
  A kobold brigand (D:8)
  26 bullfrogs
  A gnoll sergeant (D:9)
  3 scorpions
  5 wights (D:9)
  Dowan (D:5)
  29 killer bees
  4 lindwurm simulacra (IceCv)
  A howler monkey (D:11)
  6 lava snakes
  A jelly (D:6)
  A water moccasin simulacrum (D:5)
  3 hounds
  7 orc priests
  A sleepcap (D:6)
  4 iguanas
  16 orc wizards
  A bullfrog simulacrum (D:5)
  A killer bee simulacrum (D:5)
  6 gnolls
  12 adders
  An adder (shapeshifter) (D:13)
  2 hound simulacra (D:5)
  A shadow imp (D:7)
  3 white imps
  A worm (D:5)
  72 orcs
  11 endoplasms
  A giant cockroach (D:1)
  12 goblins
  10 hobgoblins
  4 jackals (D:4)
  2 quokkas
  10 ball pythons
  10 bats
  2 frilled lizards
  14 kobolds
  9 rats
670 creatures vanquished.

Notes
Turn   | Place    | Note
-------+----------+-------------------------------------------
     0 | D:1      | Forgeling the Minotaur Cinder Acolyte began the quest for
                  | the Orb.
     0 | D:1      | Reached XP level 1. HP: 19/19 MP: 1/1
   144 | D:1      | Reached skill level 4 in Axes
   209 | D:1      | Reached XP level 2. HP: 26/26 MP: 2/2
   609 | D:1      | Reached skill level 5 in Axes
   825 | D:1      | Found Toumeqio's Jewellery Shop.
   918 | D:1      | Reached XP level 3. HP: 31/31 MP: 3/3
  1243 | D:2      | Reached XP level 4. HP: 19/39 MP: 4/4
  1344 | D:2      | Reached skill level 6 in Axes
  2310 | D:4      | Found a glowing drain.
  2314 | D:4      | Reached XP level 5. HP: 41/45 MP: 5/5
  2342 | Sewer    | Entered a sewer
  2346 | Sewer    | Reached skill level 7 in Axes
  2365 | Sewer    | Noticed Pargi
  2371 | Sewer    | Killed Pargi
  2503 | D:4      | Reached skill level 8 in Axes
  2526 | D:4      | Found a transporter.
  2542 | D:4      | Found a transporter.
  2542 | D:4      | Noticed osoart's ghost (amateur OpCj)
  2617 | D:4      | Found a staircase to the Ecumenical Temple.
  2631 | D:4      | Reached XP level 6. HP: 50/52 MP: 6/6
  2991 | D:4      | Found a blossoming altar of Fedhas.
  3000 | D:4      | Found a shadowy altar of Dithmenos.
  3148 | D:5      | Entered Level 5 of the Dungeon
  3148 | D:5      | Found a runed translucent gate.
  3148 | D:5      | Found a runed translucent gate.
  3148 | D:5      | Found a runed translucent gate.
  3165 | D:5      | Reached skill level 5 in Fighting
  3176 | D:5      | Noticed Duvessa
  3183 | D:5      | Killed Duvessa
  3184 | D:5      | Reached skill level 9 in Axes
  3184 | D:5      | Reached XP level 7. HP: 58/61 MP: 7/7
  3184 | D:5      | Noticed Dowan
  3194 | D:5      | Killed Dowan
  3256 | D:5      | Reached skill level 10 in Axes
  3365 | D:5      | Reached skill level 1 in Armour
  3532 | D:5      | Noticed Dittersdorf's ghost (novice HuFi)
  3800 | D:6      | Noticed a steam dragon
  3811 | D:6      | Killed a steam dragon
  3812 | D:6      | Reached XP level 8. HP: 58/69 MP: 8/8
  3920 | D:6      | Reached skill level 11 in Axes
  4107 | D:6      | Noticed Sigmund
  4185 | D:6      | Noticed Jeremiah
  4190 | D:6      | Reached skill level 1 in Evocations
  4234 | D:6      | Killed Sigmund
  4290 | D:6      | Killed Jeremiah
  4291 | D:6      | Reached skill level 12 in Axes
  4291 | D:6      | Reached XP level 9. HP: 27/79 MP: 9/9
  5237 | D:8      | Found a shimmering blue altar of Sif Muna.
  5353 | D:8      | Noticed Pikel
  5423 | D:8      | Noticed a troll
  5425 | D:8      | Killed a troll
  5436 | D:8      | Noticed a two-headed ogre
  5442 | D:8      | Killed a two-headed ogre
  5443 | D:8      | Reached skill level 5 in Armour
  5466 | D:8      | Noticed Grum
  5574 | D:8      | Killed Pikel
  5641 | D:8      | Reached skill level 13 in Axes
  5641 | D:8      | Reached XP level 10. HP: 61/90 MP: 10/10
  5866 | D:8      | Found a staircase to the Lair.
  6340 | D:8      | Noticed a +0 dagger
  6340 | D:8      | Noticed a +0 short sword
  6342 | D:8      | Noticed a +0 falchion
  6343 | D:8      | Noticed a +0 spear
  6344 | D:8      | Noticed a +0 falchion
  6344 | D:8      | Noticed a +0 dagger
  6344 | D:8      | Noticed a +0 spear
  6345 | D:8      | Noticed a +0 short sword
  6353 | D:8      | Noticed Gastronok
  6614 | D:4      | Killed osoart's ghost
  6788 | D:4      | Killed Dittersdorf's ghost
  6789 | D:4      | Reached skill level 10 in Fighting
  6789 | D:4      | Reached skill level 14 in Axes
  6959 | D:8      | Killed Grum
  6960 | D:8      | Reached skill level 1 in Throwing
  7435 | D:9      | Noticed a gargoyle
  7626 | D:9      | Killed a gargoyle
  7627 | D:9      | Reached skill level 5 in Evocations
  7952 | D:9      | Noticed Joseph
  7962 | D:9      | Killed Joseph
  7963 | D:9      | Reached XP level 11. HP: 88/99 MP: 11/11
  7993 | D:9      | Found an ornate altar of the Wu Jian Council.
  8055 | D:9      | Identified the +8 trident of Doom {vamp, rC+ Dex+5}
  8324 | D:9      | Found an iron altar of Okawaru.
  8377 | D:9      | Found a stormy altar of Qazlal.
  8378 | D:9      | Found a bloodstained altar of Trog.
  8379 | D:9      | Found an ancient bone altar of Kikubaaqudgha.
  8380 | D:9      | Found a sparkling altar of Nemelex Xobeh.
  8542 | D:10     | Entered Level 10 of the Dungeon
  8583 | D:10     | Noticed a centaur warrior
  8596 | D:10     | Killed a centaur warrior
  8638 | D:10     | Found Synt's Magic Scroll Boutique.
  8660 | D:10     | Bought a scroll of identify for 30 gold pieces
  8660 | D:10     | Bought a scroll of identify for 30 gold pieces
  8660 | D:10     | Bought a scroll of noise for 15 gold pieces
  8660 | D:10     | Noticed a two-headed ogre
  8670 | D:10     | Killed a two-headed ogre
  8707 | D:10     | Found a flagged portal.
  8727 | Bailey   | Entered a bailey
  8841 | Bailey   | Reached skill level 5 in Shields
  8891 | Bailey   | Noticed a vault guard
  8891 | Bailey   | Noticed Prince Ribbit
  8918 | Bailey   | Killed a vault guard
  8920 | Bailey   | Killed Prince Ribbit
  8935 | Bailey   | Noticed a vault guard
  8949 | Bailey   | Killed a vault guard
  9088 | D:10     | Noticed a deep elf pyromancer
  9105 | D:10     | Killed a deep elf pyromancer
  9170 | D:10     | Reached skill level 15 in Axes
  9394 | D:10     | Found Miuschen's Armour Boutique.
  9402 | D:10     | Bought the +6 scale mail of Noan {Will+} for 512 gold
                  | pieces
  9934 | D:11     | Noticed a two-headed ogre
  9944 | D:11     | Killed a two-headed ogre
 10143 | D:11     | Reached XP level 12. HP: 80/106 MP: 12/12
 10291 | D:11     | Reached skill level 16 in Axes
 10471 | D:11     | Found a burning altar of Makhleb.
 10471 | D:11     | Noticed a cacodemon
 11169 | D:8      | Found a hide-covered altar of Uskayaw.
 11246 | Lair:1   | Entered Level 1 of the Lair of Beasts
 11407 | Lair:1   | Reached skill level 17 in Axes
 11554 | Lair:1   | Identified the +3 war axe of Wariness {protect, rElec rC++}
 12720 | Lair:2   | Reached skill level 18 in Axes
 13344 | Lair:2   | Reached XP level 13. HP: 107/116 MP: 13/13
 14237 | D:10     | Bought a +1 pair of gloves for 126 gold pieces
 14389 | Lair:3   | Reached skill level 10 in Armour
 14441 | Lair:3   | Found a staircase to the Snake Pit.
 15242 | Lair:3   | Found a staircase to the Swamp.
 15556 | Lair:4   | Found a dark tunnel.
 15575 | Volcano  | Entered a volcano
 15643 | Volcano  | Reached skill level 10 in Shields
 15676 | Volcano  | Noticed a red draconian
 15784 | Volcano  | Found a bloodstained altar of Trog.
 15805 | Volcano  | Killed a red draconian
 15876 | Lair:4   | Identified a scroll of acquirement
 15877 | Lair:4   | Acquired a manual of Throwing
 16184 | Lair:4   | Reached XP level 14. HP: 128/129 MP: 14/14
 16228 | Lair:4   | Reached skill level 5 in Throwing
 16560 | Lair:4   | Found a glowing silver altar of Zin.
 16952 | Lair:5   | Entered Level 5 of the Lair of Beasts
 16954 | Lair:5   | Found a staircase to the Slime Pits.
 18854 | D:12     | Found a staircase to the Orcish Mines.
 19268 | Orc:1    | Entered Level 1 of the Orcish Mines
 19269 | Orc:1    | Noticed an orc warlord
 19293 | D:12     | Killed an orc warlord
 19386 | D:9      | Fell from the grace of Ignis
 19386 | D:9      | Became a worshipper of Warmaster Okawaru
 19641 | Orc:1    | Found a transporter.
 19793 | Orc:2    | Entered Level 2 of the Orcish Mines
 19903 | Orc:2    | Found Sapninol's Antique Armour Shop.
 19959 | Orc:2    | Reached * piety under Okawaru
 20019 | Orc:2    | Found Puageab's Jewellery Shoppe.
 20072 | Orc:2    | Reached skill level 10 in Throwing
 20073 | Orc:2    | Noticed an orc warlord
 20241 | Orc:1    | Killed an orc warlord
 20241 | Orc:1    | Reached ** piety under Okawaru
 20444 | Orc:2    | Reached skill level 1 in Invocations
 20475 | Orc:2    | Found Keupuc's General Store.
 20483 | Orc:2    | Bought a lightning rod (4/4) for 480 gold pieces
 20544 | Orc:1    | Noticed Urug
 20562 | Orc:2    | Killed Urug
 20571 | Orc:2    | Paralysed by an orc sorcerer for 5 turns
 20806 | Orc:2    | Found Eha Bylo's Antique Weapon Emporium.
 20812 | Orc:2    | Reached *** piety under Okawaru
 20827 | Orc:2    | Found a staircase to the Elven Halls.
 20833 | Orc:2    | Found a bloodstained altar of Trog.
 21658 | D:13     | Noticed Sonja
 21674 | D:13     | Reached skill level 5 in Invocations
 21709 | D:13     | Sonja changed into Sonja the raiju
 21709 | D:13     | Noticed Sonja
 21719 | D:13     | Killed Sonja the raiju
 21720 | D:13     | Reached XP level 15. HP: 139/139 MP: 17/17
 22201 | D:14     | Noticed Rupert
 22201 | D:14     | Found a gate to the Vaults.
 22300 | D:14     | Reached **** piety under Okawaru
 22435 | D:14     | Found a flickering gateway to a bazaar.
 22542 | Bazaar   | Entered a bazaar
 22648 | Bazaar   | Found Bughalele's Book Shop.
 22661 | Bazaar   | Found Voijahal's Book Shop.
 22800 | D:14     | Reached ***** piety under Okawaru
 23064 | D:14     | Paralysed by Rupert for 4 turns
 23077 | D:14     | Killed Rupert
 23574 | D:15     | Entered Level 15 of the Dungeon
 23574 | D:15     | Noticed Jorgrun
 23590 | D:15     | Killed Jorgrun
 23696 | D:14     | Was forgiven by Ignis
 23741 | D:15     | Found a frozen archway.
 23937 | IceCv    | Entered an ice cave
 24040 | IceCv    | Reached skill level 15 in Fighting
 24119 | IceCv    | Received a gift from Okawaru
 24499 | IceCv    | Identified the ring "Vibresat" {Drain +Blink rC+ MP+9
                  | Slay-6}
 24838 | IceCv    | Noticed a golden dragon
 24851 | IceCv    | Killed from afar by a golden dragon

Illustrated notes

Levels and vault maps discovered:
D:1:      dpeg_arrival_concentric_ovals, layout_basic, serial_shops,
          nicolae_shop_waterfront, corexii_hall_statues_l, item_on_display_b
D:2:      layout_loops_ring, minmay_misc_feat_rows
D:3:      layout_rooms, minmay_close_crescents
D:4:      layout_loops_ring, minitemple, minmay_temple_entry_mist,
          gammafunk_ghost_arena, portal_sewer_entry_d, st_stairs_8
D:5:      layout_gridville, gammafunk_ghost_icy, uniq_duvessa
D:6:      layout_rooms, kennysheep_flooded_box, uniq_jeremiah, uniq_sigmund
D:7:      layout_basic
D:8:      layout_rooms, led_sif_pool, nicolae_uskayaw_en_pointe,
          minmay_lair_entry_grove, uniq_gastronok, uniq_grum, uniq_pikel
D:9:      layout_basic, okawaru_altar_gauntlet_db, nzn_wu_jian_contemplation,
          mainiacjoe_overflow_alcove_3, kennysheep_big_empty_room,
          kennysheep_crisscross, kennysheep_generic_room_10, uniq_joseph
D:10:     layout_cave_pools, lightli_bailey_entry_fortress, serial_shops, shop,
          shop
D:11:     layout_stronghold, makhleb_altar_promises_db
D:12:     layout_irregular_city, erik_orc_1, serial_undead, serial_undead_f,
          serial_undead_f, serial_undead_c, serial_undead_b
D:13:     layout_long_grid, grunt_ministairs_4, uniq_sonja
D:14:     layout_small_grid, david_vaults_3, serial_shops, bzr_entry_water,
          chequers_serial_rivers_micro_b, nicolae_lava_and_water,
          kennysheep_small_square
D:15:     gammafunk_depths_entry_grave, layout_rooms,
          portal_ice_cave_entry_ice_statue_two, abandoned_shop, uniq_agnes,
          uniq_jorgrun
Lair:1:   layout_cave_pods
Lair:2:   layout_gridlike, special_room [special_room_bee],
          chequers_serial_rivers_large_a, serial_bayou_shore_b,
          serial_bayou_shore_b, grunt_megastairs_1
Lair:3:   layout_loops_ring, mainiacjoe_swamp_entry_angry_trees,
          minmay_snake_entry_guardpost_small, uniq_rupert
Lair:4:   layout_hall_layers, nicolae_volcano_entry_lava_flow, basic_altar,
          grunt_megastairs_4
Lair:5:   due_jungle_book, layout_regular_city, slime_entry_1,
          serial_bayou_pond_d
Orc:1:    emtedronai_trogs_sanctum, layout_caves, uniq_urug
Orc:2:    grunt_orc_gardens, layout_caves, grunt_orc_garden, grunt_orc_garden,
          grunt_orc_garden, grunt_orc_garden, basic_altar,
          nicolae_orc_sculptors_studio
IceCv:    ice_cave_small_dragons

Skill      XL: |  1  2  3  4  5  6  7  8  9 10 11 12 13 14 15 |
---------------+----------------------------------------------+-----
Axes           | 4 5 6 8 9 10 12 13 14 15 18 | 18.0
Fighting       | 4 5 7 8 10 11 13 14 15 | 15.2
Armour         | 2 4 6 8 9 11 13 14 | 14.0
Evocations     | 2 4 5 8 |  8.0
Throwing       | 3 4 10 12 | 12.0
Shields        | 6 7 10 11 | 11.0
Invocations    | 5 8 |  8.8
Spellcasting   | |  1.0
Fire Magic     | |  2.1

Action                     |  1- 3 |  4- 6 |  7- 9 | 10-12 | 13-15 || total
---------------------------+-------+-------+-------+-------+-------++-------
  Melee: Hand axe          |    80 |    95 |   176 |   210 |     5 ||   566
         Headbutt          |     8 |    12 |    27 |   139 |   391 ||   577
         Punch             |     1 |       |     1 |       |       ||     2
         Trident           |       |       |       |   342 |       ||   342
         War axe           |       |       |       |   189 |  1414 ||  1603
  Throw: Dart              |       |       |    11 |     5 |     4 ||    20
         Boomerang         |       |       |       |       |     2 ||     2
 Invoke: Fiery Armour      |     1 |     1 |     1 |     3 |       ||     6
         Heroism           |       |       |       |       |     5 ||     5
         Finesse           |       |       |       |       |     3 ||     3
  Evoke: Wand              |       |     6 |    10 |    16 |     5 ||    37
    Use: Scroll            |     5 |     5 |     3 |     4 |     8 ||    25
         Potion            |       |       |       |     1 |     4 ||     5
   Stab: Paralysed         |       |       |       |     7 |       ||     7
 Armour: Robe              |    50 |     8 |       |       |       ||    58
         Ring mail         |       |     9 |       |       |       ||     9
         Troll leather arm |       |    22 |    62 |       |       ||    84
         Scale mail        |       |       |    40 |   366 |   650 ||  1056
         Skin              |       |       |       |   106 |       ||   106
  Dodge: Dodged            |    40 |    67 |    89 |   297 |   786 ||  1279
  Block: Kite shield       |       |       |       |   227 |   560 ||   787

Table legend: (Time is in decaauts)
 A = Elapsed time spent in this place.
 B = Non-inter-level travel time spent in this place.
 C = Inter-level travel time spent in this place.
 D = Time resting spent in this place.
 E = Time spent auto-exploring this place.
 F = Levels seen in this place.
 G = Mean time per level.
                   A        B        C        D        E       F      G
               +--------+--------+--------+--------+--------+-----+--------+
         Total |  24427 |  22636 |   1791 |   1304 |  15805 |  27 |  904.7 |
       Dungeon |  14964 |  13530 |   1434 |    877 |   9272 |  15 |  997.6 |
          Lair |   6176 |   5899 |    277 |    129 |   4835 |   5 | 1235.2 |
  Orcish Mines |   1563 |   1484 |     79 |    249 |    768 |   2 |  781.5 |
        Bazaar |    147 |    147 |      0 |      0 |    142 |   1 |  147.0 |
         Sewer |     81 |     81 |      0 |      0 |      0 |   1 |   81.0 |
        Bailey |    344 |    344 |      0 |      0 |    113 |   1 |  344.0 |
      Ice Cave |    868 |    868 |      0 |      0 |    673 |   1 |  868.0 |
       Volcano |    281 |    281 |      0 |     49 |      0 |   1 |  281.0 |
               +--------+--------+--------+--------+--------+-----+--------+

Top non-repeatable levels by time:
  Lair:2: 1699 daAuts
     D:9: 1573 daAuts
    D:11: 1408 daAuts
    D:12: 1277 daAuts
  Lair:1: 1266 daAuts
    D:14: 1228 daAuts
     D:8: 1219 daAuts
  Lair:3: 1199 daAuts
     D:4: 1135 daAuts
  Lair:4: 1105 daAuts
     D:7: 1103 daAuts
    D:13: 1098 daAuts
     D:1: 1062 daAuts
    D:10: 960 daAuts
   Orc:2: 955 daAuts
